AoeStats
← Chupacabra

Arena

504834969Analyzed
4v4 RM · 26d ago on Sep 6, 2026· 44m 18s· 8 players
Game mode
Random Map
Map size
Large (8 player)
Population
200
Speed
Normal
Resources
Standard
Victory
Conquest
Starting age
Dark Age
Ending age
Imperial Age
RankedLock teamsTeams togetherTeam positionsShared explorationLock speedFull tech treeHidden civsTurbo modeCheats
Victory
Defeat
🇮🇳 Franks · India
1445
+8
🇩🇪 Poles · Germany
1377
+11
🇮🇳 Wei · India
1267
+15
🇮🇳 Byzantines · India
1208
+17
🇦🇷 Khmer · Argentina
1323
-16
🇲🇽 Khitans · Mexico
1283
-14
🇲🇽 Franks · Mexico
1207
-11
🇨🇴 Portuguese · Colombia
1193
-10
Tony Beber
11:16 Feudal Age
12:29 Double-Bit Axe
12:25 Horse Collar
15:15 Castle Age
13:30 Horse Collar
14:18 Double-Bit Axe
17:31 Bow Saw
20:41 Szlachta Privileges
22:55 Scale Barding Armor
23:42 Husbandry
23:53 Bloodlines
25:16 Forging
25:51 Chain Barding Armor
27:05 Wheelbarrow
26:16 Loom
28:38 Light Cavalry
29:58 Iron Casting
29:30 Gold Mining
37:51 Imperial Age
36:45 Scale Mail Armor
38:52 Chain Mail Armor
38:49 Cavalier
40:31 Blast Furnace
41:54 Chemistry
42:19 Plate Mail Armor
Parle Genius
9:39 Feudal Age
11:01 Double-Bit Axe
16:57 Castle Age
15:04 Gold Mining
17:06 Wheelbarrow
17:55 Bow Saw
22:28 Gold Shaft Mining
26:04 Scale Barding Armor
26:10 Forging
26:59 Husbandry
27:31 Chain Barding Armor
28:22 Iron Casting
27:37 Loom
33:21 Imperial Age
32:20 Gold Shaft Mining
31:36 Stone Mining
34:43 Plate Barding Armor
33:31 Cavalier
36:20 Blast Furnace
35:22 Paladin
37:43 Hand Cart
37:14 Town Watch
37:57 Pikeman
38:37 Squires
38:38 Scale Mail Armor
38:25 Arson
40:01 Conscription
39:15 Halberdier
41:18 Chain Mail Armor
42:48 Chivalry
42:47 Elite Throwing Axeman
43:48 #83
43:59 Plate Mail Armor
44:14 Town Patrol
45:16 Chemistry
44:37 Ballistics
Chupacabra
10:50 Feudal Age
12:44 Loom
15:31 Castle Age
14:36 Stone Mining
15:06 Horse Collar
26:06 Bloodlines
27:12 Town Watch
28:08 Scale Barding Armor
28:34 Husbandry
34:27 Imperial Age
33:47 Forging
35:03 Heavy Hei Guang Cavalry
39:06 Chain Barding Armor
40:24 Iron Casting
40:14 Fletching
40:33 Padded Archer Armor
41:33 Wheelbarrow
40:45 Double-Bit Axe
42:20 Bodkin Arrow
44:48 Bow Saw
Toxic_Smit
10:36 Feudal Age
11:40 Double-Bit Axe
16:58 Castle Age
15:17 Horse Collar
16:05 Gold Mining
17:03 Scale Barding Armor
19:13 Loom
21:46 Forging
24:55 Wheelbarrow
25:06 Stone Mining
26:36 Husbandry
28:37 Hand Cart
30:21 Heavy Plow
30:59 Chain Barding Armor
38:11 Imperial Age
37:08 Fletching
37:53 Iron Casting
38:19 Bodkin Arrow
39:17 Logistica
38:27 Elite Cataphract
38:56 Elite Cataphract
39:56 Conscription
40:49 Plate Barding Armor
JAGR | HIPERYON
10:50 Feudal Age
15:09 Castle Age
13:47 Fletching
15:17 Loom
16:16 Bodkin Arrow
18:52 Town Watch
34:28 Imperial Age
33:18 Double-Bit Axe
33:25 Horse Collar
34:07 Pikeman
36:04 Forging
36:33 Bow Saw
JAGR | CIHUACOATL
11:17 Feudal Age
15:28 Castle Age
13:17 Double-Bit Axe
15:04 Wheelbarrow
16:24 Scale Barding Armor
17:58 Forging
18:49 Husbandry
21:19 Iron Casting
22:44 Bow Saw
24:07 Chain Barding Armor
28:23 Loom
28:33 Stone Mining
28:33 Gold Mining
29:15 Town Watch
34:00 Imperial Age
32:29 Hand Cart
33:45 Gold Shaft Mining
36:03 Plate Barding Armor
36:29 Blast Furnace
35:34 Cavalier
36:54 Paladin
39:22 Scale Mail Armor
39:16 Pikeman
39:57 Squires
40:28 Chain Mail Armor
39:58 Halberdier
41:46 Plate Mail Armor
43:48 Fletching
43:58 Padded Archer Armor
43:49 Elite Skirmisher
44:53 Ballistics
45:33 Chemistry
JAGR | PIPO GOROSITO
10:25 Feudal Age
11:59 Loom
14:53 Castle Age
13:16 Double-Bit Axe
13:45 Horse Collar
15:48 Heavy Plow
25:47 Wheelbarrow
25:57 Gold Mining
27:16 Hand Cart
33:20 Imperial Age
30:58 Stone Mining
32:17 Town Watch
33:46 Gold Shaft Mining
33:46 Stone Shaft Mining
34:09 Double Crossbow
35:18 Chemistry
34:20 Pikeman
35:27 Forging
34:57 Halberdier
37:05 Town Patrol
38:25 Iron Casting
37:51 Scale Mail Armor
41:38 Blast Furnace
40:35 Elite Ballista Elephant
JAGR_Soyuncacahuate
12:26 Feudal Age
13:03 Loom
16:41 Castle Age
14:33 Domestication
14:47 Double-Bit Axe
16:52 Scale Barding Armor
17:25 Pastoralism
17:36 Bow Saw
20:49 Husbandry
21:23 Forging
25:00 Wheelbarrow
25:58 Gold Mining
32:33 Iron Casting
32:18 Chain Barding Armor
32:37 Hand Cart
32:18 Stone Mining
Connection lost

Rejoining the realm…

Still unreachable

The connection could not be restored.

Session expired

The server has moved on; the page needs a fresh start.